TOP OF THE 1ST |
Auburn Tigers batting - Pitching for Ohio State Buckeyes : RHP Ignacio Piña
|
Pitching: RHP Ignacio Piña
|
|
Batting: RHB Bill Petty
|
0-0: Called Strike 0-1: Called Strike 0-2: Ball 1-2: Ball 2-2: Strikes out swinging
|
Batting: RHB Travis Curtis
|
0-0: SINGLE (Popup, 6D)
|
Batting: RHB Robert Porter
|
0-0: Ground out 5-3 (Groundball, 56S) Travis Curtis to second
|
Batting: SHB Bruce MacPherson
|
0-0: Foul Ball, location: 2F 0-1: Called Strike 0-2: Ball 1-2: Ground out 6-3 (Groundball, 6)
|
Top of the 1st over - 0 run(s), 1 hit(s), 0 error(s), 1 left on base; Auburn 0 - Ohio State 0 |
BOTTOM OF THE 1ST |
Ohio State Buckeyes batting - Pitching for Auburn Tigers : LHP Román Louzao
|
Pitching: LHP Román Louzao
|
|
Batting: RHB Rudy Boyd
|
0-0: SINGLE (Line Drive, 7S)
|
Batting: RHB Josh Joyner
|
0-0: Foul Ball, location: 2F 0-1: Ball 1-1: Ball 2-1: Ball 3-1: Base on Balls Rudy Boyd to second
|
Batting: RHB Jeff Peterson
|
0-0: Foul Ball, location: 2F 0-1: Ball 1-1: Ball 2-1: Called Strike 2-2: Fly out, F8 (Flyball, 8RM)
|
Batting: LHB Josh Armstrong
|
0-0: Called Strike 0-1: Ball 1-1: Ball 2-1: Ball Rudy Boyd is caught stealing 3rd base Josh Joyner to second 3-1: Foul Ball, location: 2F 3-2: Foul Ball, location: 2F 3-2: Foul Ball, location: 2F 3-2: Base on Balls
|
Batting: RHB Edgardo Gonzáles
|
0-0: Called Strike 0-1: 3-RUN HOME RUN (Flyball, 7LD), Distance : 326 ft
|
Batting: RHB Pat Dwyer
|
0-0: Called Strike 0-1: Ball 1-1: Called Strike 1-2: Strikes out swinging
|
Bottom of the 1st over - 3 run(s), 2 hit(s), 0 error(s), 0 left on base; Auburn 0 - Ohio State 3 |
TOP OF THE 2ND |
Auburn Tigers batting - Pitching for Ohio State Buckeyes : RHP Ignacio Piña
|
Batting: LHB Matt Kennedy
|
0-0: Ball 1-0: Ball 2-0: Fly out, F9 (Line Drive, 9)
|
Batting: RHB Patrick Stewart
|
0-0: Ball 1-0: Ball 2-0: Ball 3-0: Base on Balls
|
Batting: LHB Glenn Woollams
|
0-0: Ball 1-0: Swinging Strike 1-1: Ball 2-1: Foul Ball, location: 2F 2-2: Ball 3-2: Base on Balls Patrick Stewart to second
|
Batting: SHB Andrew Johnson
|
0-0: Ball 1-0: Ball 2-0: Ball 3-0: Base on Balls Patrick Stewart to third Glenn Woollams to second
|
Batting: RHB Mike Farley
|
0-0: Ball 1-0: SINGLE (Line Drive, 6MD) Patrick Stewart scores Glenn Woollams to third Andrew Johnson to second Runner from 3rd tries for Home, SAFE, no throw
|
Batting: RHB Bill Petty
|
0-0: Called Strike 0-1: Ball 1-1: SINGLE (Line Drive, 4MD) Andrew Johnson to third Mike Farley to second Runner from 3rd tries for Home, SAFE, throw made home
|
Batting: RHB Travis Curtis
|
0-0: Hit by Pitch Mike Farley to third Bill Petty to second
|
Batting: RHB Robert Porter
|
0-0: Ball 1-0: Called Strike 1-1: Called Strike 1-2: Ball 2-2: Foul Ball, location: 2F 2-2: SINGLE (Groundball, 56D) Mike Farley scores Bill Petty to third Travis Curtis to second Runner from 3rd tries for Home, SAFE, no throw
|
Batting: SHB Bruce MacPherson
|
0-0: Swinging Strike 0-1: Ball 1-1: Foul Ball, location: 2F 1-2: Foul Ball, location: 2F 1-2: Foul Ball, location: 2F 1-2: Foul Ball, location: 2F 1-2: Strikes out swinging
|
Batting: LHB Matt Kennedy
|
0-0: Ground out 2-3 (Groundball, 2R)
|
Top of the 2nd over - 5 run(s), 3 hit(s), 0 error(s), 2 left on base; Auburn 5 - Ohio State 3 |
BOTTOM OF THE 2ND |
Ohio State Buckeyes batting - Pitching for Auburn Tigers : LHP Román Louzao
|
Batting: LHB Kenneth Key
|
0-0: Ball 1-0: Called Strike 1-1: Foul Ball, location: 2F 1-2: Ball 2-2: Strikes out swinging
|
Batting: LHB Luis Antonio Cortéz
|
0-0: Ball 1-0: Ball 2-0: Called Strike 2-1: Called Strike 2-2: Strikes out swinging
|
Batting: RHB Dale Hernández
|
0-0: Ball 1-0: Ball 2-0: Ground out 6-3 (Groundball, 6)
|
Bottom of the 2nd over - 0 run(s), 0 hit(s), 0 error(s), 0 left on base; Auburn 5 - Ohio State 3 |
TOP OF THE 3RD |
Auburn Tigers batting - Pitching for Ohio State Buckeyes : RHP Ignacio Piña
|
Batting: RHB Patrick Stewart
|
0-0: Foul Ball, location: 2F 0-1: SINGLE (Groundball, 6MD)
|
Batting: LHB Glenn Woollams
|
0-0: Foul Ball, location: 2F 0-1: Ball 1-1: Ball 2-1: Ball 3-1: Base on Balls Patrick Stewart to second
|
Batting: SHB Andrew Johnson
|
0-0: Ball 1-0: Foul Ball, location: 2F 1-1: Ball 2-1: Fly out, F7 (Line Drive, 7)
|
Batting: RHB Mike Farley
|
0-0: Called Strike 0-1: Swinging Strike 0-2: Ball 1-2: Fielders Choice at 2nd, 6-4 (Groundball, 56) Patrick Stewart to third
|
Batting: RHB Bill Petty
|
0-0: Fielders Choice at 2nd, 4-6 (Groundball, 4)
|
Top of the 3rd over - 0 run(s), 1 hit(s), 0 error(s), 1 left on base; Auburn 5 - Ohio State 3 |
BOTTOM OF THE 3RD |
Ohio State Buckeyes batting - Pitching for Auburn Tigers : LHP Román Louzao
|
Batting: RHB Rudy Boyd
|
0-0: Swinging Strike 0-1: Ball 1-1: Ground out 4-3 (Groundball, 4S)
|
Batting: RHB Josh Joyner
|
0-0: Ball 1-0: Ball 2-0: Ball 3-0: Base on Balls
|
Batting: RHB Jeff Peterson
|
0-0: Ball 1-0: Called Strike 1-1: Ball 2-1: Foul Ball, location: 2F 2-2: Strikes out looking
|
Batting: LHB Josh Armstrong
|
0-0: Called Strike 0-1: Ground out U3 (Groundball, 3)
|
Bottom of the 3rd over - 0 run(s), 0 hit(s), 0 error(s), 1 left on base; Auburn 5 - Ohio State 3 |
TOP OF THE 4TH |
Auburn Tigers batting - Pitching for Ohio State Buckeyes : RHP Ignacio Piña
|
Batting: RHB Travis Curtis
|
0-0: Called Strike 0-1: Ball 1-1: Ball 2-1: Ball 3-1: Base on Balls
|
Batting: RHB Robert Porter
|
0-0: Called Strike 0-1: Ball 1-1: Ball 2-1: Ball 3-1: Foul Ball, location: 2F 3-2: Foul Ball, location: 2F 3-2: Base on Balls Travis Curtis to second
|
Batting: SHB Bruce MacPherson
|
0-0: Called Strike 0-1: Called Strike 0-2: Strikes out swinging
|
Batting: LHB Matt Kennedy
|
0-0: Ball 1-0: DOUBLE (Line Drive, 8LD) Travis Curtis scores Robert Porter to third
|
Pitching: RHP Desi Smith
|
|
Batting: RHB Patrick Stewart
|
0-0: Ball 1-0: Ball 2-0: Ball 3-0: Base on Balls
|
Batting: LHB Glenn Woollams
|
0-0: Ball 1-0: Fly out, F7 (Flyball, 7LS) Runner from 3rd tags up, SCORES, throw made
|
Batting: SHB Andrew Johnson
|
0-0: Called Strike 0-1: Swinging Strike 0-2: Ball 1-2: SINGLE (Line Drive, 6M) Matt Kennedy to third Patrick Stewart to second Runner from 3rd tries for Home, SAFE, no throw
|
Batting: RHB Mike Farley
|
0-0: Ball 1-0: Called Strike 1-1: Called Strike 1-2: Strikes out looking
|
Top of the 4th over - 3 run(s), 2 hit(s), 0 error(s), 2 left on base; Auburn 8 - Ohio State 3 |
BOTTOM OF THE 4TH |
Ohio State Buckeyes batting - Pitching for Auburn Tigers : LHP Román Louzao
|
Batting: RHB Edgardo Gonzáles
|
0-0: Ball 1-0: Ball 2-0: Swinging Strike 2-1: Foul Ball, location: 2F 2-2: Ball 3-2: Base on Balls
|
Batting: RHB Pat Dwyer
|
0-0: Called Strike 0-1: Foul Ball, location: 2F 0-2: Ball Edgardo Gonzáles steals 2nd base 1-2: Ball 2-2: Fly out, F2 (Popup, 13S)
|
Batting: LHB Kenneth Key
|
0-0: Called Strike 0-1: Ball 1-1: Called Strike 1-2: Fly out, F3 (Popup, 34)
|
Batting: LHB Luis Antonio Cortéz
|
0-0: Ball 1-0: SINGLE (Groundball, 6MD) Edgardo Gonzáles to third Runner from 3rd tries for Home, SAFE, no throw
|
Batting: RHB Dale Hernández
|
0-0: Ball 1-0: Ball Luis Antonio Cortéz steals 2nd base 2-0: Called Strike 2-1: Ball 3-1: Foul Ball, location: 2F 3-2: Foul Ball, location: 2F 3-2: Strikes out swinging
|
Bottom of the 4th over - 1 run(s), 1 hit(s), 0 error(s), 1 left on base; Auburn 8 - Ohio State 4 |
TOP OF THE 5TH |
Auburn Tigers batting - Pitching for Ohio State Buckeyes : RHP Desi Smith
|
Batting: RHB Bill Petty
|
0-0: Ground out 4-3 (Groundball, 4)
|
Batting: RHB Travis Curtis
|
0-0: Ball 1-0: Swinging Strike 1-1: Ball 2-1: Foul Ball, location: 2F 2-2: Ball 3-2: Foul Ball, location: 2F 3-2: Foul Ball, location: 2F 3-2: Foul Ball, location: 2F 3-2: Foul Ball, location: 2F 3-2: Base on Balls
|
Batting: RHB Robert Porter
|
0-0: Called Strike 0-1: Ground out 5-3 (Groundball, 56S) Travis Curtis to second
|
Batting: SHB Bruce MacPherson
|
0-0: Ball 1-0: Ball 2-0: Swinging Strike 2-1: Ball 3-1: Base on Balls
|
Batting: LHB Matt Kennedy
|
0-0: Ball 1-0: Foul Ball, location: 2F 1-1: Ball 2-1: Ball 3-1: Base on Balls Travis Curtis to third Bruce MacPherson to second
|
Batting: RHB Patrick Stewart
|
0-0: Ball 1-0: Foul Ball, location: 2F 1-1: Foul Ball, location: 2F 1-2: Ball 2-2: Fielders Choice at 2nd, 5-4 (Groundball, 56)
|
Top of the 5th over - 0 run(s), 0 hit(s), 0 error(s), 2 left on base; Auburn 8 - Ohio State 4 |
BOTTOM OF THE 5TH |
Ohio State Buckeyes batting - Pitching for Auburn Tigers : LHP Román Louzao
|
Batting: RHB Rudy Boyd
|
0-0: SINGLE (Groundball, 34D)
|
Batting: RHB Josh Joyner
|
0-0: Swinging Strike 0-1: Ball 1-1: Ball 2-1: Ball 3-1: Base on Balls Rudy Boyd to second
|
Pitching: RHP Adrián Pérez
|
|
Batting: RHB Jeff Peterson
|
0-0: Ball 1-0: Ball Rudy Boyd steals 3rd base Josh Joyner to second 2-0: Ball 3-0: Base on Balls
|
Batting: LHB Josh Armstrong
|
0-0: Ball 1-0: Ball 2-0: Swinging Strike 2-1: SINGLE (Flyball, 9S) Rudy Boyd scores Josh Joyner to third Jeff Peterson to second
|
Batting: RHB Edgardo Gonzáles
|
0-0: Foul Ball, location: 2F 0-1: Called Strike 0-2: Strikes out looking
|
Batting: RHB Pat Dwyer
|
0-0: Foul Ball, location: 2F 0-1: DOUBLE (Line Drive, 7D) Josh Joyner scores Jeff Peterson scores Josh Armstrong to third Runner from 3rd tries for Home, SAFE, throw made home
|
Batting: LHB Kenneth Key
|
0-0: Ball 1-0: Called Strike 1-1: Ground out 3-1 (Groundball, 34S) Pat Dwyer to third
|
Batting: LHB Luis Antonio Cortéz
|
0-0: Ball 1-0: Ball 2-0: Ball 3-0: Base on Balls
|
Batting: RHB Dale Hernández
|
0-0: Called Strike 0-1: Called Strike Luis Antonio Cortéz steals 2nd base 0-2: Strikes out swinging
|
Bottom of the 5th over - 4 run(s), 3 hit(s), 0 error(s), 2 left on base; Auburn 8 - Ohio State 8 |
TOP OF THE 6TH |
Auburn Tigers batting - Pitching for Ohio State Buckeyes : RHP Desi Smith
|
Batting: LHB Glenn Woollams
|
0-0: Called Strike 0-1: Ball 1-1: Swinging Strike 1-2: Ball 2-2: Strikes out looking
|
Batting: SHB Andrew Johnson
|
0-0: Ball 1-0: Called Strike 1-1: Ball 2-1: Foul Ball, location: 2F 2-2: Ground out 1-3 (Groundball, 13S)
|
Pitching: RHP Robinson Jiménez
|
|
Batting: RHB Mike Farley
|
0-0: Swinging Strike 0-1: DOUBLE (Line Drive, 7LM)
|
Batting: RHB Bill Petty
|
0-0: Swinging Strike 0-1: Called Strike 0-2: Strikes out swinging
|
Top of the 6th over - 0 run(s), 1 hit(s), 0 error(s), 1 left on base; Auburn 8 - Ohio State 8 |
BOTTOM OF THE 6TH |
Ohio State Buckeyes batting - Pitching for Auburn Tigers : RHP Adrián Pérez
|
Pitching: RHP Simon Ward
|
|
Batting: RHB Rudy Boyd
|
0-0: Called Strike 0-1: Ball 1-1: Foul Ball, location: 2F 1-2: Ball 2-2: Fly out, F7 (Flyball, 7LMF)
|
Batting: RHB Josh Joyner
|
0-0: Ball 1-0: Ball 2-0: Called Strike 2-1: Called Strike 2-2: Ball 3-2: DOUBLE (Flyball, 78D)
|
Batting: RHB Jeff Peterson
|
0-0: SINGLE (Groundball, 34D) Josh Joyner to third Runner from 3rd tries for Home, SAFE, no throw
|
Batting: LHB Josh Armstrong
|
0-0: Ball 1-0: Called Strike 1-1: Ball 2-1: Foul Ball, location: 2F 2-2: Ball 3-2: Base on Balls Jeff Peterson to second
|
Batting: RHB Edgardo Gonzáles
|
0-0: Ball 1-0: Ball 2-0: Ball 3-0: Called Strike 3-1: Foul Ball, location: 2F 3-2: Fly out, F5 (Line Drive, 5)
|
Batting: RHB Pat Dwyer
|
0-0: Ball 1-0: DOUBLE (Line Drive, 9LM) Jeff Peterson scores Josh Armstrong to third
|
Pitching: RHP Jeffrey Ferris
|
|
Batting: LHB Kenneth Key
|
0-0: Ball 1-0: Called Strike 1-1: Ball 2-1: Ball 3-1: SINGLE (Groundball, 4MD) Josh Armstrong scores Pat Dwyer to third Runner from 3rd tries for Home, SAFE, no throw
|
Batting: LHB Luis Antonio Cortéz
|
0-0: Ball 1-0: Ball 2-0: Ball 3-0: Called Strike 3-1: Base on Balls Kenneth Key to second
|
Batting: RHB Dale Hernández
|
0-0: Fly out, F8 (Flyball, 89S)
|
Bottom of the 6th over - 4 run(s), 4 hit(s), 0 error(s), 2 left on base; Auburn 8 - Ohio State 12 |
TOP OF THE 7TH |
Auburn Tigers batting - Pitching for Ohio State Buckeyes : RHP Robinson Jiménez
|
Batting: RHB Travis Curtis
|
0-0: Ground out 6-3 (Groundball, 6S)
|
Batting: RHB Robert Porter
|
0-0: Ball 1-0: Ball 2-0: Ground out 6-3 (Groundball, 6)
|
Batting: SHB Bruce MacPherson
|
0-0: Called Strike 0-1: Foul Ball, location: 2F 0-2: Strikes out looking
|
Top of the 7th over - 0 run(s), 0 hit(s), 0 error(s), 0 left on base; Auburn 8 - Ohio State 12 |
BOTTOM OF THE 7TH |
Ohio State Buckeyes batting - Pitching for Auburn Tigers : RHP Jeffrey Ferris
|
Batting: RHB Rudy Boyd
|
0-0: Fly out, F7 (Flyball, 78S)
|
Batting: RHB Josh Joyner
|
0-0: Called Strike 0-1: Fly out, F8 (Line Drive, 8RM)
|
Batting: RHB Jeff Peterson
|
0-0: Ball 1-0: Ball 2-0: Ball 3-0: Base on Balls
|
Batting: LHB Josh Armstrong
|
0-0: Called Strike 0-1: Ball Wild Pitch! Jeff Peterson to second 1-1: Ball 2-1: Swinging Strike 2-2: Strikes out swinging
|
Bottom of the 7th over - 0 run(s), 0 hit(s), 0 error(s), 1 left on base; Auburn 8 - Ohio State 12 |
TOP OF THE 8TH |
Auburn Tigers batting - Pitching for Ohio State Buckeyes : RHP Robinson Jiménez
|
Batting: LHB Matt Kennedy
|
0-0: Called Strike 0-1: Fly out, F2 (Popup, 2R)
|
Batting: RHB Patrick Stewart
|
0-0: SINGLE (Line Drive, 78M)
|
Batting: LHB Glenn Woollams
|
0-0: Ball 1-0: Called Strike 1-1: Ball 2-1: SINGLE (Line Drive, 4M) Patrick Stewart to second
|
Pitching: LHP Tommy Campbell
|
|
Batting: SHB Andrew Johnson
|
0-0: Foul Ball, location: 2F 0-1: Foul Ball, location: 2F 0-2: Ball 1-2: Ball 2-2: Strikes out swinging
|
Pitching: RHP Matt Gorman
|
|
Batting: RHB Mike Farley
|
0-0: Ball 1-0: Ball 2-0: Ball 3-0: Base on Balls Patrick Stewart to third Glenn Woollams to second
|
Batting: RHB Bill Petty
|
0-0: SINGLE (Line Drive, 78S) Patrick Stewart scores Glenn Woollams to third Mike Farley to second Runner from 3rd tries for Home, SAFE, throw made home Mike Farley to third Bill Petty to second
|
Batting: RHB Travis Curtis
|
0-0: Foul Ball, location: 2F 0-1: Swinging Strike 0-2: Ball 1-2: Foul Ball, location: 2F 1-2: Ball 2-2: Ball 3-2: Base on Balls
|
Batting: RHB Robert Porter
|
0-0: Called Strike 0-1: Ball 1-1: Foul Ball, location: 2F 1-2: Strikes out swinging
|
Top of the 8th over - 2 run(s), 3 hit(s), 0 error(s), 3 left on base; Auburn 10 - Ohio State 12 |
BOTTOM OF THE 8TH |
Ohio State Buckeyes batting - Pitching for Auburn Tigers : RHP Jeffrey Ferris
|
Batting: RHB Edgardo Gonzáles
|
0-0: Called Strike 0-1: Ground out 6-3 (Groundball, 6)
|
Batting: RHB Pat Dwyer
|
0-0: Fly out, F7 (Line Drive, 7)
|
Pitching: LHP Carl Piña
|
|
Batting: LHB Kenneth Key
|
0-0: Swinging Strike 0-1: Ball 1-1: Foul Ball, location: 2F 1-2: Foul Ball, location: 2F 1-2: Strikes out looking
|
Bottom of the 8th over - 0 run(s), 0 hit(s), 0 error(s), 0 left on base; Auburn 10 - Ohio State 12 |
TOP OF THE 9TH |
Auburn Tigers batting - Pitching for Ohio State Buckeyes : RHP Matt Gorman
|
Pitching: RHP Jack Nelson
|
|
Now at C: Travis Shannon
|
|
Now in LF: Ollie Buchanan
|
|
Now in CF: Abraham Horton
|
|
Batting: SHB Bruce MacPherson
|
0-0: Foul Ball, location: 2F 0-1: Swinging Strike 0-2: Strikes out swinging
|
Batting: LHB Matt Kennedy
|
0-0: Ball 1-0: Ball 2-0: Ball 3-0: Called Strike 3-1: Base on Balls
|
Pinch Hitting: SHB Anthony Thomas
|
0-0: Called Strike 0-1: Ball 1-1: Fly out, F7 (Flyball, 7)
|
Batting: LHB Glenn Woollams
|
0-0: Foul Ball, location: 2F 0-1: Ball 1-1: Ball 2-1: Called Strike 2-2: Foul Ball, location: 2F 2-2: Fielders Choice at 2nd, 6-4 (Groundball, 6)
|
Top of the 9th over - 0 run(s), 0 hit(s), 0 error(s), 0 left on base; Auburn 10 - Ohio State 12 |
|